 Dungeon Crawl Stone Soup version 0.28-a0-957-g42eb19b844 (webtiles) character file.

Game seed: 9147983983723241801

373 Goblin1989 the Changer (level 6, -4/44 HPs)
             Began as a Demonspawn Transmuter on Nov 30, 2021.
             Slain by an ogre (12 damage)
             ... on level 4 of the Dungeon.
             The game lasted 00:12:14 (4965 turns).

Goblin1989 the Changer (Demonspawn Transmuter)      Turns: 4965, Time: 00:12:15

Health: -4/44      AC:  2    Str: 12    XL:     6   Next: 43%
Magic:  5/9        EV: 20    Int: 14    God:
Gold:   203        SH:  0    Dex: 19    Spells: 3/9 levels left

rFire   + . .      SeeInvis .     - Unarmed
rCold   . . .      Faith    .   (shield currently unavailable)
rNeg    . . .      Spirit   .   (armour currently unavailable)
rPois   x          Reflect  .   (helmet currently unavailable)
rElec   .          Harm     .   (cloak currently unavailable)
rCorr   .          Rampage  .   (gloves currently unavailable)
Will    .....                   (boots currently unavailable)
Stlth   ++........              (no amulet)
HPRegen 0.14/turn               f - ring of protection from fire
MPRegen 0.11/turn               (no ring)

@: spider-form
A: venomous fangs, tiny, foul stench 1, powered by death 1
a: End Transformation


You were on level 4 of the Dungeon.
You were a venomous arachnid creature.
You visited 1 branch of the dungeon, and saw 4 of its levels.

You collected 203 gold pieces.

Inventory:

Armour
 a - a +0 robe (melded)
 j - a +0 helmet
 n - a +0 pair of gloves (melded)
Jewellery
 f - a ring of protection from fire (left front leg)
Scrolls
 c - 3 scrolls of teleportation {unknown}
 g - 3 scrolls of fog {unknown}
 i - 2 scrolls of vulnerability {unknown}
 k - a scroll of immolation {unknown}
 l - a scroll of magic mapping {unknown}
 o - a scroll of silence {unknown}
 q - a scroll of blinking {unknown}
 R - 3 scrolls of identify {@r1}
Potions
 b - a potion of flight
 h - a potion of heal wounds {@q2}
 m - a potion of magic
 p - a potion of curing {@q1}
 S - a potion of cancellation {unknown}


   Skills:
 + Level 1.8 Fighting
 + Level 2.3 Dodging
 * Level 3.6 Unarmed Combat
 - Level 2.0 Spellcasting
 + Level 4.2 Transmutations
 + Level 3.1 Poison Magic


You had 3 spell levels left.
You knew the following spells:

 Your Spells              Type           Power      Damage    Failure   Level
a - Beastly Appendage     Tmut           26%        N/A       13%         1
b - Spider Form           Tmut/Pois      11%        N/A       34%         3
c - Wereblood             Tmut           13%        N/A       17%         2

Your spell library contained the following spells:

 Spells                   Type           Power      Damage    Failure   Level
 Ensorcelled Hibernation  Hex/Ice        2%         N/A       56%         2
 Ice Form                 Ice/Tmut       7%         N/A       86%         4


Dungeon Overview and Level Annotations

Branches:
Dungeon (4/15)
 Temple: D:4-7

Altars:


Innate Abilities, Weirdness & Mutations

You are a venomous arachnid creature.
You have poisonous fangs.
You are tiny and dextrous.
Your spellcasting is less reliable in this form.
Your armour is entirely melded.
You are incapable of wielding weapons or throwing items.
You may rarely emit foul miasma when damaged in melee.
You regenerate a little health from kills.


Message History

The scorpion closely misses you.
You take 5 damage, and have 21/43 hp.
You are too injured to fight recklessly!
You are too injured to fight recklessly!
You are too injured to fight recklessly!
You are too injured to fight recklessly!
You are too injured to fight recklessly!
You are too injured to fight recklessly!
You are too injured to fight recklessly!
You barely miss the scorpion.
The scorpion is severely wounded.
* * * LOW HITPOINT WARNING * * *
You feel very sick. The scorpion closely misses you.
You take 4 damage, and have 17/43 hp.
You hit the scorpion.
The scorpion looks as sick as possible!
The scorpion is almost dead.
* * * LOW HITPOINT WARNING * * *
You feel very sick.
You kill the scorpion!
You take 3 damage, and have 14/44 hp.
* * * LOW HITPOINT WARNING * * *
You feel very sick.
You take 3 damage, and have 11/44 hp.
Unknown command.
You feel better.
You regained 9 hp, and now have 20/44 hp.
Unknown command.
There is an open door here.
Your transformation has ended.
Your +0 pair of gloves unmelds from your body.
Your +0 robe unmelds from your body.
There is a stone staircase leading up here.
You start resting.
Magic restored.
HP restored.
Health restored: 44; MP restored: 9 You can't go down here!
Unknown command.
There is an open door here.
An ogre comes into view. It is wielding a +0 giant spiked club.
Casting: Spider Form (dangerous; 16% risk of failure)
Confirm with . or Enter, or press ? or * to list all spells.
Your blood is infused with primal strength.
You now have 7/9 mp.
Casting: Wereblood (safe; 6% risk of failure)
Confirm with . or Enter, or press ? or * to list all spells.
Your blood is freshly infused with primal strength!
The ogre shouts!
You now have 5/9 mp.
Unknown command.
There is an open door here.
The ogre hits you with a +0 giant spiked club.
You take 5 damage, and have 39/44 hp.
You punch the ogre!
The ogre is moderately wounded.
The ogre barely misses you.
You hit the ogre.
The ogre is moderately wounded.
The ogre completely misses you.
You hit the ogre.
The ogre is moderately wounded.
You hit the ogre.
The ogre is heavily wounded.
The ogre closely misses you.
You hit the ogre.
The ogre is heavily wounded.
The ogre closely misses you.
You barely miss the ogre.
The ogre is heavily wounded.
The ogre barely misses you.
You hit the ogre.
The ogre is heavily wounded.
You hit the ogre but do no damage.
The ogre is heavily wounded.
The ogre hits you with a +0 giant spiked club!!
You take 20 damage, and have 20/44 hp.
MASSIVE DAMAGE!!
You hit the ogre.
The ogre is severely wounded.
The ogre hits you with a +0 giant spiked club!
* * * LOW HITPOINT WARNING * * *
You take 15 damage, and have 5/44 hp.
MASSIVE DAMAGE!!
You hit the ogre.
The ogre is almost dead.
The ogre barely misses you.
There is an open door here.
Your primal bloodlust is almost over.
The ogre barely misses you.
Your primal bloodlust has ended.
The ogre barely misses you.
Casting: Wereblood (safe; 6% risk of failure)
Confirm with . or Enter, or press ? or * to list all spells.
You turn into a venomous arachnid creature.
Your +0 pair of gloves melds into your body.
Your +0 robe melds into your body.
You now have 5/9 mp.
You hit the ogre.
The ogre is poisoned.
The ogre is almost dead.
The ogre hits you with a +0 giant spiked club!
You die...

█.............(.....∆..
█........[..........█..
█...................███
█<.......██∆███▲███....
█........█....... ▲....
███████∆██....... █....
█................█....
█................█....
█....s...........█....
█....O...........█....
█................█....
█......███████...█....
█......██...██...██
█......█....∆.....█
█......█....█.....∆..
█......█....█.....█..
█......██...██...██


You could see an ogre (very poisoned).

Vanquished Creatures
  A scorpion (D:4)
  2 howler monkeys (D:4)
  A hound (D:4)
  An iguana (D:4)
  An orc wizard (D:4)
  A hound skeleton (D:4)
  Robin (D:2)
  4 adders
  A worm (D:2)
  5 dart slugs
  7 orcs
  7 endoplasms
  3 giant cockroaches
  14 goblins
  8 hobgoblins
  4 jackals (D:1)
  5 kobolds
  2 quokkas
  4 ball pythons
  5 bats
  2 frilled lizards
  2 rats (D:2)
81 creatures vanquished.

Notes
Turn   | Place    | Note
-------+----------+-------------------------------------------
     0 | D:1      | Goblin1989 the Demonspawn Transmuter began the quest for
                  | the Orb.
     0 | D:1      | Reached XP level 1. HP: 15/15 MP: 3/3
   169 | D:1      | Reached skill level 2 in Transmutations
   402 | D:1      | Gained mutation: You regenerate a little health from kills.
                  | [demonic ancestry]
   402 | D:1      | Reached XP level 2. HP: 12/21 MP: 3/5
  1030 | D:1      | Reached skill level 3 in Transmutations
  1388 | D:2      | Reached XP level 3. HP: 26/26 MP: 4/6
  1392 | D:2      | Learned a level 3 spell: Spider Form
  1395 | D:2      | Learned a level 2 spell: Wereblood
  1716 | D:2      | Noticed Robin
  2185 | D:2      | Killed Robin
  2300 | D:2      | Reached skill level 4 in Transmutations
  2300 | D:2      | Gained mutation: You may rarely emit foul miasma when
                  | damaged in melee. [demonic ancestry]
  2300 | D:2      | Reached XP level 4. HP: 32/32 MP: 5/7
  2391 | D:2      | Found a faded altar of an unknown god.
  2744 | D:3      | Reached skill level 1 in Poison Magic
  3960 | D:4      | Reached XP level 5. HP: 35/37 MP: 8/8
  4394 | D:4      | Reached XP level 6. HP: 26/43 MP: 9/9
  4965 | D:4      | Slain by an ogre

Illustrated notes

Levels and vault maps discovered:
D:1:      dpeg_arrival_solitude, layout_basic
D:2:      layout_basic, ebering_ecumenical_altar_mist, grunt_ministairs_2,
          nicolae_concentric_dashed_squares_wild, uniq_robin
D:3:      layout_basic, kennysheep_generic_room_15
D:4:      layout_gridville

Skill      XL: |  1  2  3  4  5  6 |
---------------+-------------------+-----
Transmutations | 2 3 4 |  4.2
Poison Magic   | 2 3 |  3.1
Dodging        | 2 |  2.3
Unarmed Combat | 3 |  3.6
Fighting       | |  1.8
Spellcasting   | |  2.0

Action                   |  1- 3 |  4- 6 || total
-------------------------+-------+-------++-------
Melee: Unarmed           |   111 |   139 ||   250
       Kick              |    23 |    36 ||    59
       Headbutt          |    14 |    16 ||    30
       Punch             |     1 |     1 ||     2
 Cast: Beastly Appendage |    22 |    30 ||    52
       Wereblood         |     2 |     4 ||     6
       Spider Form       |       |     2 ||     2
  Use: Potion            |       |     4 ||     4
       Scroll            |       |     1 ||     1
Armor: Robe              |    10 |    27 ||    37
       Skin              |       |     1 ||     1
Dodge: Dodged            |    47 |    88 ||   135

Table legend: (Time is in decaauts)
 A = Elapsed time spent in this place.
 B = Non-inter-level travel time spent in this place.
 C = Inter-level travel time spent in this place.
 D = Time resting spent in this place.
 E = Time spent auto-exploring this place.
 F = Levels seen in this place.
 G = Mean time per level.
                   A        B        C        D        E       F      G
               +--------+--------+--------+--------+--------+-----+--------+
         Total |   4950 |   4850 |    100 |    996 |   3127 |   4 | 1237.5 |
       Dungeon |   4950 |   4850 |    100 |    996 |   3127 |   4 | 1237.5 |
               +--------+--------+--------+--------+--------+-----+--------+

Top non-repeatable levels by time:
     D:2: 1388 daAuts
     D:1: 1276 daAuts
     D:3: 1273 daAuts
     D:4: 1012 daAuts
